 Dungeon Crawl Stone Soup version 0.27-a0-887-gcab673c142 (webtiles) character file.

Game seed: 253759515533224237

555 scammafunk the Magician (level 7, -1/67 HPs)
             Began as a Djinni Fire Elementalist on Mar 23, 2021.
             Was a Believer of Jiyva.
             Slain by jasper's ghost (5 damage)
             ... on level 5 of the Dungeon on Apr 3, 2021.
             The game lasted 00:16:30 (5686 turns).

scammafunk the Magician (Djinni Fire Elementalist)  Turns: 5686, Time: 00:16:31

Health: -1/67      AC: 23    Str:  9      XL:     7   Next: 30%
Gold:   1060       EV:  2    Int: 18      God:    Jiyva [**....] SH:  0 Dex:  1 (12)

rFire    . . .     SeeInvis .   e - +0 dagger (vorpal)
rCold    . . .     Faith    .   (no shield)
rNeg     + + +     Spirit   .   (armour currently unavailable)
rPois    ∞         Reflect  .   (helmet currently unavailable)
rElec    .         Harm     .   (cloak currently unavailable)
rCorr    .         Rampage  .   (gloves currently unavailable)
Will     .....     NoTele   +   (boots unavailable)
Stlth    +.........             (no amulet)
HPRegen  0.21/turn              (no ring)
MPRegen  0.00/turn              (no ring)

@: tree-form, attractive
A: stationary, stasis, torment immunity, boosted hp, (fire resistance 2), (cold
vulnerability 1), float, innate caster, hp casting, extra vitality 1
a: Renounce Religion, Request Jelly


You were on level 5 of the Dungeon.
You worshipped Jiyva.
Jiyva was pleased with you.
You were a tree.
You visited 1 branch of the dungeon, and saw 5 of its levels.

You collected 1060 gold pieces.

Inventory:

Hand Weapons
 e - a +0 vorpal dagger (weapon)
Armour
 a - a +0 robe (melded)
 f - a +0 pair of gloves (melded)
Jewellery
 j - a +6 ring of dexterity
Wands
 b - a wand of polymorph (7)
Potions
 h - a potion of curing {unknown}
 i - a potion of haste {unknown}


   Skills:
 - Level 2.3 Dodging
 - Level 1.6 Stealth
 + Level 6.8 Spellcasting


You couldn't memorise any spells.
You knew the following spells:

 Your Spells              Type           Power      Damage    Failure   Level
a - Foxfire               Conj/Fire      100%       2x1d9     1%          1
b - Conjure Flame         Conj/Fire      31%        6-21      1%          3
c - Inner Flame           Hex/Fire       31%        N/A       1%          3
d - Sticky Flame          Conj/Fire      31%        2d5       6%          4
e - Fireball              Conj/Fire      15%        3d8       19%         5
f - Sandblast             Erth           62%        2d14      1%          1
g - Poisonous Vapours     Pois/Air       62%        N/A       1%          2
h - Call Imp              Summ           31%        N/A       1%          2
Your spell library was empty.

Dungeon Overview and Level Annotations

Branches:
Dungeon (5/15)
 Temple: D:4-7

Altars:
Dithmenos
Fedhas
Kikubaaqudgha
Qazlal
Vehumet
Jiyva

Annotations:
D:5 jasper's ghost, weakling DsDe


Innate Abilities, Weirdness & Mutations

You are a tree.
Your roots penetrate the ground, keeping you stationary.
You cannot be teleported.
You are immune to unholy pain and torment.
Your maximum health is greatly increased.
Your equipment is partially melded.
You are immune to poison.
((Your flesh is very heat resistant. (rF++)))
((You are vulnerable to cold. (rC-)))
You float through the air rather than walking.
You learn spells naturally, not from books.
Your magical power is your life essence.
You have superior vitality. (+4 HP)


Message History

The quasit bites you but does no damage.
The quasit claws you but does no damage. x2
Jasper's ghost hits you but does no damage.
The quasit bites you but does no damage.
The quasit claws you but does no damage. x2
Your crimson imp hits the quasit.
You barely miss the quasit.
The quasit is moderately wounded.
The quasit bites you but does no damage.
The quasit claws you but does no damage. x2
Jasper's ghost hits you but does no damage.
Your crimson imp hits the quasit but does no damage.
You closely miss the quasit.
The quasit is moderately wounded.
The quasit bites you but does no damage.
The quasit claws you but does no damage. x2
Jasper's ghost hits you but does no damage.
Your crimson imp barely misses the quasit.
You barely miss the quasit.
The quasit is moderately wounded.
The quasit barely misses you.
The quasit claws you but does no damage. x2
Jasper's ghost hits you but does no damage.
The quasit bites you but does no damage.
The quasit claws you but does no damage.
The quasit claws you.
* * * LOW HITPOINT WARNING * * *
Your crimson imp blinks!
You closely miss the quasit.
The quasit is moderately wounded.
The quasit bites you but does no damage.
The quasit claws you but does no damage. x2
Jasper's ghost hits you.
* * * LOW HITPOINT WARNING * * *
It was a potion of attraction.
You feel attractive to monsters.
The quasit bites you but does no damage.
The quasit claws you but does no damage. x2
Jasper's ghost hits you.
You die...

...#....#.........#..##
...#...##.##...###5...# #
..#....#.....#.....#.##.#
.##..#.#..##..©..#.5.#..#
###..#.#....(.#..##..#.##
# ..##.##...#...#..5.#.#
#..#...#....#......## #
#.#. .#####..###©## #.
.... ####♣###
..........W5..J..[
$....####.......... .....
#.......... ...........
#>..........
#........5<..
#...........


You could see a quasit (ally target), jasper's ghost, a neutral jelly
(wandering) (fellow slime) and a friendly crimson imp (summoned).

Vanquished Creatures
  Grinder (D:4)
  A bullfrog (D:4)
  2 scorpions
  An orc priest (D:5)
  A hound (D:4)
  3 iguanas
  Ijyb (D:4)
  Natasha (D:2)
  5 adders
  2 worms
  A dart slug (D:1)
  7 orcs (D:4)
  2 ball pythons
  2 endoplasms (D:1)
  3 giant cockroaches
  5 goblins
  7 hobgoblins
  5 jackals
  2 quokkas
  3 bats
  2 frilled lizards
  3 kobolds
  6 rats
66 creatures vanquished.

Vanquished Creatures (collateral kills)
  A foxfire (D:3)
1 creature vanquished.

Vanquished Creatures (others)
  The ghost of buttes the Insei, a novice DjTm (D:4)
  2 jellies
  A bullfrog zombie (D:4)
  An orc priest (D:4)
  An iguana (D:4)
  An orc wizard (D:5)
  Natasha (twice) (D:2)
  A worm (D:2)
  2 dart slugs (D:2)
  2 orcs (D:5)
  A ball python (D:4)
  4 endoplasms
  A giant cockroach (D:2)
  2 hobgoblins (D:2)
  A jackal (D:2)
  A quokka (D:2)
  A frilled lizard (D:2)
  2 kobolds (D:3)
  238 foxfires
  4 plants (D:3)
  5 withered plants (D:3)
274 creatures vanquished.

Grand Total: 341 creatures vanquished

Notes
Turn   | Place    | Note
-------+----------+-------------------------------------------
     0 | D:1      | scammafunk the Djinni Fire Elementalist began the quest for
                  | the Orb.
     0 | D:1      | Reached XP level 1. HP: 15/15 MP: 0/0
   462 | D:1      | Reached skill level 3 in Spellcasting
   462 | D:1      | Reached XP level 2. HP: 18/21 MP: 0/0
   629 | D:1      | Upgraded the game from 0.27-a0-732-ga892ba84f6 to
                  | 0.27-a0-887-gcab673c142
  1437 | D:2      | Reached XP level 3. HP: 6/25 MP: 0/0
  1437 | D:2      | Learned a level 1 spell: Sandblast
  2194 | D:2      | Found a faded altar of an unknown god.
  2202 | D:2      | Became a worshipper of Jiyva Jasovuka the Shapeless
  2202 | D:2      | Reached * piety under Jiyva
  2516 | D:2      | Killed Natasha
  2552 | D:2      | Reached skill level 4 in Spellcasting
  2622 | D:2      | Noticed Natasha
  2632 | D:2      | Killed Natasha
  2633 | D:2      | Reached XP level 4. HP: 19/31 MP: 0/0
  2738 | D:2      | Killed Natasha
  3010 | D:3      | Found a shadowy altar of Dithmenos.
  3035 | D:3      | Found a blossoming altar of Fedhas.
  3215 | D:3      | Reached ** piety under Jiyva
  3652 | D:4      | Reached XP level 5. HP: 31/35 MP: 0/0
  3652 | D:4      | Learned a level 2 spell: Poisonous Vapours
  3774 | D:4      | Reached skill level 5 in Spellcasting
  4103 | D:4      | Found a runed translucent gate.
  4115 | D:4      | Reached XP level 6. HP: 25/40 MP: 0/0
  4233 | D:4      | Noticed Ijyb
  4240 | D:4      | Killed Ijyb
  4313 | D:4      | Noticed Grinder
  4328 | D:4      | Found a runed translucent gate.
  4329 | D:4      | Found a runed translucent gate.
  4330 | D:4      | Noticed buttes's ghost (novice DjTm)
  4337 | D:4      | Paralysed by Grinder for 7 turns
  4347 | D:4      | Identified a scroll of acquirement
  4347 | D:4      | Acquired 1012 gold pieces
  4356 | D:4      | Killed Grinder
  4357 | D:4      | Reached skill level 6 in Spellcasting
  4500 | D:4      | Killed buttes's ghost
  4842 | D:4      | Found a stormy altar of Qazlal.
  5043 | D:5      | Entered Level 5 of the Dungeon
  5442 | D:5      | Reached XP level 7. HP: 42/45 MP: 0/0
  5442 | D:5      | Learned a level 2 spell: Call Imp
  5596 | D:5      | Found a transporter.
  5627 | D:5      | Noticed jasper's ghost (weakling DsDe)
  5636 | D:5      | Found a transporter.
  5686 | D:5      | Slain by jasper's ghost

Illustrated notes

Levels and vault maps discovered:
D:1:      scummos_arrival_simple_crosswalls, layout_loops_corners
D:2:      layout_loops_ring, basic_ecumenical_altar, uniq_natasha
D:3:      layout_rooms, overflow_temple_1_default,
          grunt_temple_overflow_growth_and_decay
D:4:      layout_rooms, marbit_many_paths, old_standard_altar,
          ebering_ghost_rock_garden, uniq_ijyb, uniq_grinder
D:5:      layout_cave_pods, minmay_temple_entry_trees,
          gammafunk_ghost_stat_death

Skill      XL: |  1  2  3  4  5  6 |
---------------+-------------------+-----
Spellcasting   | 3 4 5 6 |  6.8
Dodging        | |  2.3
Stealth        | |  1.6

Action                   |  1- 3 |  4- 6 |  7- 9 || total
-------------------------+-------+-------+-------++-------
Melee: Dagger            |    32 |     3 |    13 ||    48
       Unarmed           |     2 |     5 |       ||     7
 Cast: Foxfire           |    65 |    78 |    22 ||   165
       Poisonous Vapours |       |     9 |       ||     9
       Call Imp          |       |       |     3 ||     3
Invok: Request Jelly     |       |       |     1 ||     1
  Use: Scroll            |     3 |     1 |     2 ||     6
       Potion            |     3 |       |     2 ||     5
 Stab: Sleeping          |     1 |       |       ||     1
Armor: Robe              |    13 |     5 |    41 ||    59
       Skin              |       |       |    76 ||    76
Dodge: Dodged            |    31 |    27 |    60 ||   118

Table legend: (Time is in decaauts)
 A = Elapsed time spent in this place.
 B = Non-inter-level travel time spent in this place.
 C = Inter-level travel time spent in this place.
 D = Time resting spent in this place.
 E = Time spent auto-exploring this place.
 F = Levels seen in this place.
 G = Mean time per level.
                   A        B        C        D        E       F      G
               +--------+--------+--------+--------+--------+-----+--------+
         Total |   5676 |   5535 |    141 |   1534 |   2896 |   5 | 1135.2 |
       Dungeon |   5676 |   5535 |    141 |   1534 |   2896 |   5 | 1135.2 |
               +--------+--------+--------+--------+--------+-----+--------+

Top non-repeatable levels by time:
     D:4: 1765 daAuts
     D:2: 1585 daAuts
     D:1: 1345 daAuts
     D:3: 715 daAuts
     D:5: 264 daAuts
